 Dungeon Crawl Stone Soup version 0.31.0-32-g396128a36d (webtiles) character file.

Game seed: 7561333282479959710

2664 monsoonserge the Grappler (level 9, -13/102 HPs)
             Began as a Gnoll Shapeshifter on Mar 17, 2024.
             Was an Initiate of Gozag.
             Mangled by an orc warrior
             ... wielding a +0 war axe
              (15 damage)
             ... in a bailey.
             The game lasted 00:21:31 (7342 turns).

monsoonserge the Grappler (Gnoll Shapeshifter)      Turns: 7342, Time: 00:21:32

Health: -13/102    AC: 24    Str: 18    XL:     9   Next: 63%
Magic:  15/15      EV:  2    Int: 10    God:    Gozag
Gold:   1253       SH: 13    Dex: 11    Spells: 17/17 levels left

rFire   . .          .
                       - Unarmed
rCold   + . .        D - +0 kite shield
rNeg    . . .        k - melded +3 ring mail {Will+}
rPois   +            F - melded +2 hat
rElec   .            g - melded +0 cloak
rCorr   +            (gloves currently unavailable)
SInv    .            (boots currently unavailable)
Will    .....        x - amulet of reflection
Stlth   +++          o - ring of resist corrosion
HPRegen 0.37/turn    n - ring of protection from cold
MPRegen 0.14/turn

%: reflection
@: tree-form
A: stationary, stasis, torment immunity, boosted hp, (fangs 1), strong nose,
distributed training
a: Renounce Religion, Potion Petition, Call Merchant, Bribe Branch


You were in a bailey.
You worshipped Gozag.
Gozag was most pleased with you.
You were a tree.
You visited 2 branches of the dungeon, and saw 8 of its levels.
You also visited: Sewer and Bailey.

You collected 1294 gold pieces.
You paid 41 gold pieces to Gozag.

Inventory:

Missiles
 z - 11 poisoned darts (quivered)
 H - 5 silver javelins
 K - 11 boomerangs
 L - 3 curare-tipped darts
 M - 4 atropa-tipped darts
Armour
 g - a +0 cloak (melded)
 h - a +0 ring mail
 k - a +3 ring mail of willpower (melded)
 p - a +0 chain mail
 y - a +2 robe of willpower
 D - a +0 kite shield (worn)
 F - a +2 hat (melded)
Magical Staves
 C - a staff of air
Jewellery
 f - a ring of magical power
 n - a ring of protection from cold (right branch)
 o - a ring of resist corrosion (left branch)
 x - an amulet of reflection (around neck)
Talismans
 c - a beast talisman (active)
 d - a flux talisman
Wands
 t - a wand of digging (1)
 J - a wand of paralysis (10)
Scrolls
 e - a scroll of noise
 i - 2 scrolls of vulnerability
 l - a scroll of revelation
 m - a scroll of teleportation
 s - 2 scrolls of enchant armour {unknown}
 u - a scroll of blinking {unknown}
 w - a scroll of fear {unknown}
 B - a scroll of poison {unknown}
 I - 2 scrolls of amnesia
Potions
 a - 2 potions of might {unknown}
 j - 2 potions of magic {unknown}
 r - 2 potions of curing {unknown}
 v - 2 potions of enlightenment
 A - a potion of invisibility {unknown}
 E - a potion of cancellation {unknown}
 G - 2 potions of ambrosia {unknown}


   Skills:
 + Level 5.3 Fighting
 + Level 4.6 Short Blades
 + Level 4.6 Long Blades
 + Level 4.6 Axes
 + Level 4.6 Maces & Flails
 + Level 4.6 Polearms
 + Level 4.6 Staves
 + Level 4.6 Ranged Weapons
 + Level 4.6 Throwing
 + Level 4.6 Armour
 + Level 6.6 Dodging
 + Level 4.6 Stealth
 + Level 4.6 Shields
 + Level 8.1 Unarmed Combat
 + Level 4.6 Spellcasting
 + Level 3.8 Conjurations
 + Level 3.8 Hexes
 + Level 3.8 Summonings
 + Level 3.8 Necromancy
 + Level 3.8 Translocations
 + Level 3.8 Fire Magic
 + Level 3.8 Ice Magic
 + Level 3.8 Air Magic
 + Level 3.8 Earth Magic
 + Level 3.8 Alchemy
 + Level 5.1 Invocations
 + Level 4.6 Evocations
 + Level 7.8 Shapeshifting


You had 17 spell levels left.
You didn't know any spells.
Your spell library contained the following spells:

 Spells                   Type           Power      Damage    Failure   Level
 Shock                    Conj/Air       36%        1d5       13%         1
 Sting                    Conj/Alch      36%        1d5       13%         1
 Mercury Vapours          Alch/Air       18%        N/A       19%         2
 Frozen Ramparts          Ice            18%        1d3       36%         3
 Swiftness                Air            9%         N/A       36%         3
 Tukima's Dance           Hex            9%         N/A       36%         3
 Airstrike                Air            4%         2d(1-17)  77%         4
 Leda's Liquefaction      Alch/Erth      4%         N/A       77%         4
 Olgreb's Toxic Radiance  Alch           9%         N/A       77%         4
 Passage of Golubria      Tloc           9%         N/A       77%         4
 Petrify                  Alch/Erth      9%         N/A       77%         4
 Vhi's Electric Charge    Tloc/Air       18%        N/A       77%         4
 Arcjolt                  Conj/Air       4%         1d14      98%         5
 Metabolic Englaciation   Hex/Ice        4%         N/A       98%         5
 Yara's Violent Unravell  Hex/Alch       4%         3d4       98%         5
 Maxwell's Capacitive Co  Air            4%         ∞         100%        8


Dungeon Overview and Level Annotations

Branches:
Dungeon (7/15)             Temple (1/1) D:5           Sewer (visited)
 Bailey (1/1)

Altars:
Fedhas
Gozag
Kikubaaqudgha
Makhleb
Nemelex Xobeh
Okawaru
Qazlal
Ru
Sif Muna
Trog
Vehumet
Xom
Yredelemnul
Zin

Annotations:
D:4 3 runed translucent doors, Consumeair16's ghost, amateur DrFi
D:6 2 transporters, Liamsmithers's ghost, novice DsGl


Innate Abilities, Weirdness & Mutations

You are a tree.
Your roots penetrate the ground, keeping you stationary.
You cannot be teleported.
You are immune to unholy pain and torment.
Your maximum health is greatly increased.
Your equipment is partially melded.
((You have very sharp teeth.))
Your uncanny sense of smell can sniff out nearby items.
Your experience applies equally to all skills.


Message History

The orc knight hits you with a +0 war axe!
* * * LOW HITPOINT WARNING * * *
The orc warrior hits you with a +0 war axe.
* * * LOW HITPOINT WARNING * * *
You feel much better.
The orc warrior no longer looks unusually strong.
The orc knight roars a battlecry!
The orc warrior goes into a battle-frenzy!
You block the orc warrior's attack.
You hit the orc knight but do no damage.
The orc knight is severely wounded.
You block the orc knight's attack.
The orc warrior hits you with a +0 war axe!
* * * LOW HITPOINT WARNING * * *
Your transformation has ended.
Your +0 cloak unmelds from your body.
Your +2 hat unmelds from your body.
You turn into a tree.
Your +0 cloak melds into your body.
Your +2 hat melds into your body.
Your +3 ring mail of willpower melds into your body.
You feel less strong-willed.
Your roots penetrate the ground.
You block the orc knight's attack. You block the orc warrior's attack.
You hit the orc knight.
The orc knight is severely wounded.
The orc knight completely misses you. You block the orc warrior's attack.
You barely miss the orc knight.
The orc knight is severely wounded.
You block the orc knight's attack.
The orc warrior hits you but does no damage.
You hit the orc knight but do no damage.
The orc knight is severely wounded.
You block the orc knight's attack.
The orc warrior hits you with a +0 war axe!
* * * LOW HITPOINT WARNING * * *
You barely miss the orc knight.
The orc knight is severely wounded.
The orc knight hits you with a +0 war axe.
* * * LOW HITPOINT WARNING * * *
The orc warrior hits you with a +0 war axe!
You die...
Your body crumbles into a pile of gold.

##~....(..~##
####(.(####
#...# #.()#
#.)(# ##'''##
##..∩.(##
#.)...oo#
#...∩..♣#
##.....##
#######


You could see an orc knight (very poisoned) and an orc warrior (strong).

Vanquished Creatures
  Grinder (D:4)
  Eustachio (D:5)
  Menkaure (D:5)
  An ice beast (D:6)
  A black bear (D:6)
  A sky beast (D:7)
  4 kobold brigands (Bailey)
  Blork the orc (D:4)
  2 bullfrogs
  A brain worm (Sewer)
  A gnoll sergeant (D:7)
  7 scorpions
  2 howler monkeys (D:5)
  A jelly (D:4)
  4 hounds
  3 orc priests
  A gnoll bouda (D:6)
  3 iguanas
  4 orc wizards
  Terence (D:2)
  13 gnolls
  2 river rats (Sewer)
  7 adders
  A shadow imp (D:5)
  4 ufetubi
  2 ribbon worms
  13 orcs
  8 endoplasms
  7 giant cockroaches
  11 goblins
  16 hobgoblins
  A jackal (Sewer)
  10 kobolds
  5 quokkas
  13 ball pythons
  11 bats
  7 frilled lizards
  11 rats
183 creatures vanquished.

Vanquished Creatures (others)
  An orc (D:5)
1 creature vanquished.

Grand Total: 184 creatures vanquished

Notes
Turn   | Place    | Note
-------+----------+-------------------------------------------
     0 | D:1      | monsoonserge the Gnoll Shapeshifter began the quest for the
                  | Orb.
     0 | D:1      | Reached XP level 1. HP: 17/17 MP: 1/1
   137 | D:1      | Reached XP level 2. HP: 23/23 MP: 2/2
   511 | D:1      | Reached XP level 3. HP: 28/28 MP: 3/3
   907 | D:2      | Reached skill level 1 in Invocations
  1143 | D:2      | Noticed Terence
  1150 | D:2      | Killed Terence
  1151 | D:2      | Reached skill level 1 in Short Blades
  1151 | D:2      | Reached skill level 1 in Long Blades
  1151 | D:2      | Reached skill level 1 in Axes
  1151 | D:2      | Reached skill level 1 in Maces & Flails
  1151 | D:2      | Reached skill level 1 in Polearms
  1151 | D:2      | Reached skill level 1 in Staves
  1151 | D:2      | Reached skill level 1 in Ranged Weapons
  1151 | D:2      | Reached skill level 1 in Throwing
  1151 | D:2      | Reached skill level 1 in Armour
  1151 | D:2      | Reached skill level 1 in Stealth
  1151 | D:2      | Reached skill level 1 in Shields
  1151 | D:2      | Reached skill level 1 in Spellcasting
  1151 | D:2      | Reached skill level 1 in Evocations
  1151 | D:2      | Reached XP level 4. HP: 28/34 MP: 5/5
  1273 | D:2      | Reached skill level 1 in Conjurations
  1273 | D:2      | Reached skill level 1 in Hexes
  1273 | D:2      | Reached skill level 1 in Summonings
  1273 | D:2      | Reached skill level 1 in Necromancy
  1273 | D:2      | Reached skill level 1 in Translocations
  1273 | D:2      | Reached skill level 1 in Fire Magic
  1273 | D:2      | Reached skill level 1 in Ice Magic
  1273 | D:2      | Reached skill level 1 in Air Magic
  1273 | D:2      | Reached skill level 1 in Earth Magic
  1273 | D:2      | Reached skill level 1 in Alchemy
  1630 | D:3      | Reached XP level 5. HP: 40/40 MP: 7/7
  1877 | D:3      | Found an opulent altar of Gozag.
  1883 | D:3      | Became a worshipper of Gozag Ym Sagoz the Greedy
  1940 | D:3      | Found a glowing drain.
  1976 | Sewer    | Entered a sewer
  2150 | Sewer    | Reached XP level 6. HP: 47/47 MP: 8/8
  2548 | D:2      | Reached skill level 5 in Dodging
  3231 | D:3      | Found a glowing silver altar of Zin.
  3362 | D:4      | Noticed Blork the orc
  3373 | D:4      | Killed Blork the orc
  3774 | D:4      | Reached skill level 7 in Unarmed Combat
  3774 | D:4      | Reached XP level 7. HP: 45/52 MP: 10/10
  3783 | D:4      | Found a runed translucent gate.
  3789 | D:4      | Found a runed translucent gate.
  3789 | D:4      | Found a runed translucent gate.
  3792 | D:4      | Noticed Consumeair16's ghost (amateur DrFi)
  3803 | D:4      | You fall into a shaft and drop 1 floor!
  3803 | D:5      | Entered Level 5 of the Dungeon
  4186 | D:5      | Noticed Menkaure
  4269 | D:6      | Reached XP level 8. HP: 60/60 MP: 12/12
  4319 | D:6      | Noticed a small abomination
  4320 | D:6      | Found a transporter.
  4741 | D:6      | Noticed an ancient zyme
  4829 | D:6      | Noticed a white ugly thing
  5032 | D:6      | Found a transporter.
  5049 | D:6      | Noticed Liamsmithers's ghost (novice DsGl)
  5125 | D:5      | Noticed Eustachio
  5163 | D:5      | Killed Eustachio
  5358 | D:5      | Killed Menkaure
  5595 | D:4      | Reached XP level 9. HP: 55/66 MP: 14/14
  5945 | D:4      | Noticed Grinder
  5962 | D:4      | Killed Grinder
  5990 | D:4      | Found a sparkling altar of Nemelex Xobeh.
  6388 | D:5      | Found a staircase to the Ecumenical Temple.
  6396 | Temple   | Entered the Ecumenical Temple
  6404 | D:5      | Found a blossoming altar of Fedhas.
  6871 | D:7      | Reached skill level 5 in Fighting
  7058 | D:7      | Found a flagged portal.
  7060 | D:7      | Reached skill level 8 in Unarmed Combat
  7078 | Bailey   | Entered a bailey
  7145 | Bailey   | Reached skill level 5 in Invocations
  7258 | Bailey   | Noticed an orc knight
  7335 | Bailey   | HP: 1/68 [orc warrior/+0 war axe (4)]
  7342 | Bailey   | HP: 2/102 [orc knight/+0 war axe (6)]
  7342 | Bailey   | Mangled by an orc warrior

Illustrated notes

Levels and vault maps discovered:
D:1:      dpeg_arrival_rooms_a, layout_loops_ring, kennysheep_nondescript
D:2:      layout_basic, bh_walls_and_bars, uniq_terence
D:3:      layout_basic, pdpol_temple_overflow_zin_treasury_gozag_greed,
          gup_sewer_entry_glass
D:4:      layout_layer_cave, nemelex_spade_bored_becter, gammafunk_ghost_split,
          uniq_grinder, uniq_blork_the_orc
D:5:      layout_basic, overflow_temple_1_default, minmay_temple_entry_glass,
          uniq_eustachio, uniq_menkaure
D:6:      layout_loops_ring, gammafunk_ghost_abyssal_escape
D:7:      layout_loops_ring, kennysheep_mini, enter_bailey_3
Temple:   hellmonk_temple_micro_hex
Bailey:   bailey_axe_3, bailey

Skill      XL: |  1  2  3  4  5  6  7  8  9 |
---------------+----------------------------+-----
Invocations    | 1 2 3 4 5 |  5.1
Short Blades   | 1 2 3 4 |  4.6
Long Blades    | 1 2 3 4 |  4.6
Axes           | 1 2 3 4 |  4.6
Maces & Flails | 1 2 3 4 |  4.6
Polearms       | 1 2 3 4 |  4.6
Staves         | 1 2 3 4 |  4.6
Ranged Weapons | 1 2 3 4 |  4.6
Throwing       | 1 2 3 4 |  4.6
Armour         | 1 2 3 4 |  4.6
Stealth        | 1 2 3 4 |  4.6
Shields        | 1 2 3 4 |  4.6
Spellcasting   | 1 2 3 4 |  4.6
Evocations     | 1 2 3 4 |  4.6
Conjurations   | 1 2 3 |  3.8
Hexes          | 1 2 3 |  3.8
Summonings     | 1 2 3 |  3.8
Necromancy     | 1 2 3 |  3.8
Translocations | 1 2 3 |  3.8
Fire Magic     | 1 2 3 |  3.8
Ice Magic      | 1 2 3 |  3.8
Air Magic      | 1 2 3 |  3.8
Earth Magic    | 1 2 3 |  3.8
Alchemy        | 1 2 3 |  3.8
Fighting       | 3 4 5 |  5.3
Dodging        | 5 6 |  6.6
Unarmed Combat | 7 8 |  8.1
Shapeshifting  | 7 |  7.8

Action                     |  1- 3 |  4- 6 |  7- 9 || total
---------------------------+-------+-------+-------++-------
  Melee: Unarmed           |    80 |   127 |   307 ||   514
         Bite              |     4 |     6 |    38 ||    48
         Punch             |       |     2 |       ||     2
  Throw: Dart              |       |       |    13 ||    13
         Javelin           |       |       |     2 ||     2
    Use: Potion            |       |       |     4 ||     4
         Scroll            |       |       |     7 ||     7
   Stab: Distracted        |       |     1 |       ||     1
         Sleeping          |       |     1 |     2 ||     3
 Armour: Animal skin       |    14 |       |       ||    14
         Ring mail         |    29 |    64 |    22 ||   115
         Robe              |       |     3 |   126 ||   129
         Skin              |       |       |     4 ||     4
  Dodge: Dodged            |    50 |    91 |   138 ||   279
  Block: Other             |       |     1 |     5 ||     6
         Kite shield       |       |       |   232 ||   232
         Reflection        |       |       |    10 ||    10
   Form: Beast             |       |     1 |     2 ||     3
         Flux              |       |     1 |     2 ||     3
